 Dungeon Crawl Stone Soup version 0.27-a0-1242-ge70438ac7b (webtiles) character file.

Game seed: 9750550288786016935

2900 Kinoniko the Blocker (level 9, 0/74 HPs)
             Began as a Gnoll Fighter on June 9, 2021.
             Was an Initiate of Okawaru.
             Slain by a komodo dragon (8 damage)
             ... on level 7 of the Dungeon.
             The game lasted 00:10:12 (9157 turns).

Kinoniko the Blocker (Gnoll Fighter)                Turns: 9157, Time: 00:10:12

Health: 0/74       AC: 21    Str: 19    XL:     9   Next: 77%
Magic:  15/15      EV: 11    Int:  8    God:    Okawaru [......]
Gold:   457        SH: 12    Dex: 11    Spells: 17/17 levels left

rFire    . . .     SeeInvis .   g - +2 flail (protect)
rCold    . . .     Faith    .   c - +1 kite shield
rNeg     . . .     Spirit   .   o - +4 ring mail
rPois    .         Reflect  .   h - +0 helmet
rElec    .         Harm     .   f - +0 cloak
rCorr    .         Rampage  .   (no gloves)
Will     .....                  n - +0 pair of boots
Stlth    ++........             (no amulet)
HPRegen  0.22/turn              (no ring)
MPRegen  0.14/turn              (no ring)

@: under a protective aura, hasted, very quick
A: fangs 1, strong nose, distributed training
a: Renounce Religion


You were on level 7 of the Dungeon.
You worshipped Okawaru.
Okawaru was noncommittal.
You visited 2 branches of the dungeon, and saw 8 of its levels.
You also visited: Ossuary.

You collected 457 gold pieces.

Inventory:

Hand Weapons
 a - a +0 war axe
 e - a +4 quarterstaff of chaos
 g - a +2 flail of protection (weapon)
Missiles
 s - 4 boomerangs of dispersal (quivered)
Armour
 c - a +1 kite shield (worn)
 f - a +0 cloak (worn)
 h - a +0 helmet (worn)
 n - a +0 pair of boots (worn)
 o - a +4 ring mail (worn)
Wands
 i - a wand of iceblast (7)
Scrolls
 d - 2 scrolls of teleportation
 m - a scroll of holy word
 r - a scroll of blinking
Potions
 b - a potion of magic {unknown}
 j - 2 potions of resistance
 k - 2 potions of mutation {unknown}
 l - a potion of ambrosia {unknown}
 q - a potion of flight
 t - 3 potions of heal wounds
 u - a potion of haste
 v - a potion of brilliance {unknown}


   Skills:
 + Level 8.1 Fighting
 + Level 4.5 Short Blades
 + Level 4.5 Long Blades
 + Level 6.5 Axes
 + Level 4.5 Maces & Flails
 + Level 4.5 Polearms
 + Level 4.5 Staves
 + Level 4.5 Slings
 + Level 4.5 Bows
 + Level 4.5 Crossbows
 + Level 4.5 Throwing
 + Level 8.1 Armour
 + Level 4.5 Dodging
 + Level 4.5 Stealth
 + Level 8.1 Shields
 + Level 4.5 Unarmed Combat
 + Level 4.5 Spellcasting
 + Level 3.7 Conjurations
 + Level 3.7 Hexes
 + Level 3.7 Summonings
 + Level 3.7 Necromancy
 + Level 3.7 Translocations
 + Level 3.7 Transmutations
 + Level 3.7 Fire Magic
 + Level 3.7 Ice Magic
 + Level 3.7 Air Magic
 + Level 3.7 Earth Magic
 + Level 3.7 Poison Magic
 + Level 5.0 Invocations
 + Level 4.5 Evocations


You had 17 spell levels left.
You didn't know any spells.
Your spell library contained the following spells:

 Spells                   Type           Power      Damage    Failure   Level
 Corona                   Hex            7%         N/A       22%         1
 Foxfire                  Conj/Fire      28%        2x1d5     22%         1
 Sandblast                Erth           14%        2d6       22%         1
 Ensorcelled Hibernation  Hex/Ice        14%        N/A       34%         2
 Passwall                 Tmut/Erth      5%         N/A       34%         2
 Poisonous Vapours        Pois/Air       14%        N/A       34%         2
 Confusing Touch          Hex            7%         N/A       56%         3
 Conjure Flame            Conj/Fire      7%         6-21      56%         3
 Dazzling Flash           Conj/Hex       14%        N/A       56%         3
 Inner Flame              Hex/Fire       7%         N/A       56%         3
 Mephitic Cloud           Conj/Pois/Air  7%         N/A       56%         3
 Stone Arrow              Conj/Erth      14%        3d7       56%         3
 Tukima's Dance           Hex            7%         N/A       56%         3
 Petrify                  Tmut/Erth      7%         N/A       92%         4
 Sticky Flame             Conj/Fire      7%         2d3       92%         4
 Fireball                 Conj/Fire      3%         3d4       99%         5
 Lee's Rapid Deconstruct  Erth           3%         3d6*      99%         5
 Freezing Cloud           Conj/Ice/Air   3%         6-21      100%        6


Dungeon Overview and Level Annotations

Branches:
Dungeon (7/15)             Temple (1/1) D:7         Ossuary (visited)

Altars:
Ashenzari
Cheibriados
Dithmenos
Elyvilon
Fedhas
Gozag
Hepliaklqana
Kikubaaqudgha
Makhleb
Nemelex Xobeh
Okawaru
Qazlal
Ru
Sif Muna
Trog
Uskayaw
Vehumet
Wu Jian
Xom
Yredelemnul
Zin
The Shining One

Shops:
D:1 ?

Annotations:
D:7 Joseph


Innate Abilities, Weirdness & Mutations

You have very sharp teeth.
Your uncanny sense of smell can sniff out nearby items.
Your experience applies equally to all skills.


Message History

The komodo dragon is moderately wounded.
The komodo dragon closely misses you.
You sock the komodo dragon!
The komodo dragon is heavily wounded.
You block the komodo dragon's attack.
You hit the komodo dragon but do no damage.
The komodo dragon is heavily wounded.
The komodo dragon bites you!
You are too injured to fight recklessly!
You are too injured to fight recklessly!
You are too injured to fight recklessly!
You are too injured to fight recklessly!
You are too injured to fight recklessly!
You hit the komodo dragon.
The komodo dragon is heavily wounded.
You block the komodo dragon's attack.
You hit the komodo dragon.
The komodo dragon is heavily wounded.
The komodo dragon misses you.
You sock the komodo dragon!
The komodo dragon is almost dead.
You block the komodo dragon's attack.
You barely miss the komodo dragon.
The komodo dragon is almost dead.
You block the komodo dragon's attack.
You hit the komodo dragon.
The komodo dragon is almost dead.
You hit the komodo dragon but do no damage.
The komodo dragon is almost dead.
The komodo dragon bites you!
* * * LOW HITPOINT WARNING * * *
You hit the komodo dragon.
The komodo dragon is almost dead.
The komodo dragon bites you!
* * * LOW HITPOINT WARNING * * *
You hit the komodo dragon but do no damage.
Your bite misses the komodo dragon.
The komodo dragon is almost dead.
The komodo dragon bites you!
You die...

######### #.......#
######### #.......#
$.......# #..^....#
........###......)#########
........@l@......).>.....|.
........###......)#.#######
........# #.......#.#
........# #########.#
..)..($.# #.# ############
#.# ## ##..........#### #.#
#. ...............# #.# #.
#..........##.## #.# #.


You could see Joseph and a komodo dragon.

Vanquished Creatures
  Sigmund (D:3)
  A steam dragon (D:6)
  2 ice beasts (D:5)
  A sky beast (D:6)
  2 ogres
  3 necrophages
  3 centaurs
  3 scorpions
  2 water moccasin skeletons
  A wyvern skeleton (D:6)
  A bullfrog zombie (D:6)
  5 centaur zombies
  2 hounds
  A jelly (D:6)
  Crazy Yiuf (D:4)
  2 centaur skeletons
  2 iguanas
  Jessica (D:3)
  2 gnoll shamans (D:6)
  Terence (D:2)
  5 orc wizards
  A hound skeleton (D:4)
  5 mummies (Ossuary)
  7 adders
  14 gnolls
  A river rat (D:6)
  2 ufetubi
  3 adder skeletons (D:4)
  4 worms
  A dart slug (D:5)
  19 orcs
  5 endoplasms
  A giant cockroach (D:2)
  6 goblins
  3 hobgoblins
  4 jackals
  4 quokkas
  12 ball pythons
  3 bats
  6 frilled lizards
  2 hobgoblin zombies (Ossuary)
  8 kobolds
  A quokka skeleton (D:4)
  5 rats
159 creatures vanquished.

Notes
Turn   | Place    | Note
-------+----------+-------------------------------------------
     0 | D:1      | Kinoniko the Gnoll Fighter began the quest for the Orb.
     0 | D:1      | Reached XP level 1. HP: 23/23 MP: 1/1
   108 | D:1      | Reached XP level 2. HP: 29/29 MP: 2/2
   513 | D:1      | Found Laol's Magic Scroll Boutique.
   885 | D:2      | Reached XP level 3. HP: 35/35 MP: 3/3
  1056 | D:2      | Found a shimmering blue altar of Sif Muna.
  1114 | D:2      | Noticed Terence
  1122 | D:2      | Killed Terence
  1123 | D:2      | Reached skill level 1 in Short Blades
  1123 | D:2      | Reached skill level 1 in Long Blades
  1123 | D:2      | Reached skill level 1 in Maces & Flails
  1123 | D:2      | Reached skill level 1 in Polearms
  1123 | D:2      | Reached skill level 1 in Staves
  1123 | D:2      | Reached skill level 1 in Slings
  1123 | D:2      | Reached skill level 1 in Bows
  1123 | D:2      | Reached skill level 1 in Crossbows
  1123 | D:2      | Reached skill level 1 in Throwing
  1123 | D:2      | Reached skill level 1 in Dodging
  1123 | D:2      | Reached skill level 1 in Stealth
  1123 | D:2      | Reached skill level 1 in Unarmed Combat
  1123 | D:2      | Reached skill level 1 in Spellcasting
  1123 | D:2      | Reached skill level 1 in Invocations
  1123 | D:2      | Reached skill level 1 in Evocations
  1123 | D:2      | Reached XP level 4. HP: 38/41 MP: 5/5
  1862 | D:3      | Noticed Jessica
  1865 | D:3      | Killed Jessica
  1866 | D:3      | Reached skill level 1 in Conjurations
  1866 | D:3      | Reached skill level 1 in Hexes
  1866 | D:3      | Reached skill level 1 in Summonings
  1866 | D:3      | Reached skill level 1 in Necromancy
  1866 | D:3      | Reached skill level 1 in Translocations
  1866 | D:3      | Reached skill level 1 in Transmutations
  1866 | D:3      | Reached skill level 1 in Fire Magic
  1866 | D:3      | Reached skill level 1 in Ice Magic
  1866 | D:3      | Reached skill level 1 in Air Magic
  1866 | D:3      | Reached skill level 1 in Earth Magic
  1866 | D:3      | Reached skill level 1 in Poison Magic
  1875 | D:3      | Noticed Sigmund
  1881 | D:3      | Killed Sigmund
  1882 | D:3      | Reached XP level 5. HP: 33/47 MP: 5/7
  1882 | D:3      | Reached XP level 6. HP: 37/53 MP: 5/8
  2640 | D:3      | Reached skill level 5 in Axes
  2892 | D:4      | Noticed a necrophage
  2903 | D:4      | Killed a necrophage
  2904 | D:4      | Reached XP level 7. HP: 54/59 MP: 10/10
  3384 | D:4      | Found a snail-covered altar of Cheibriados.
  4314 | D:4      | Found a runed translucent door.
  4315 | D:4      | Noticed Crazy Yiuf
  4660 | D:4      | Killed Crazy Yiuf
  4707 | D:5      | Entered Level 5 of the Dungeon
  4798 | D:5      | Reached XP level 8. HP: 22/67 MP: 12/12
  7122 | D:6      | Reached XP level 9. HP: 67/72 MP: 14/14
  8164 | D:7      | Found a sand-covered staircase.
  8184 | Ossuary  | Entered an ossuary
  8657 | D:7      | Reached skill level 5 in Invocations
  8678 | D:7      | Found a staircase to the Ecumenical Temple.
  8722 | Temple   | Entered the Ecumenical Temple
  9025 | Temple   | Became a worshipper of Warmaster Okawaru
  9136 | D:7      | Noticed a komodo dragon
  9137 | D:7      | Noticed Joseph
  9157 | D:7      | Slain by a komodo dragon

Illustrated notes

Levels and vault maps discovered:
D:1:      dpeg_arrival_arbitrary_a, layout_basic, serial_shops, shop
D:2:      minmay_inner_zag, layout_basic, basic_altar,
          kennysheep_cluttered_room, uniq_terence
D:3:      layout_basic, serial_bayou_pond_e, uniq_sigmund, uniq_jessica
D:4:      layout_layer_cave, marbit_many_paths, minivault_19,
          grunt_ministairs_2, uniq_crazy_yiuf_cottage
D:5:      cheibrodos_iron_armory, layout_loops_ring
D:6:      layout_loops_corners, gup_sewer_entry_spiral,
          kennysheep_opposing_triangles
D:7:      layout_basic, minmay_temple_entry_ruins, nicolae_ossuary_entry_ruins,
          serial_shops, nicolae_shop_crystal, minmay_shop_enchanted_jewellery,
          uniq_joseph, uniq_duvessa, uniq_menkaure
Temple:   nicolae_temple_the_god_donut

Skill      XL: |  1  2  3  4  5  6  7  8  9 |
---------------+----------------------------+-----
Short Blades   | 1 2 3 4 |  4.5
Long Blades    | 1 2 3 4 |  4.5
Maces & Flails | 1 2 3 4 |  4.5
Polearms       | 1 2 3 4 |  4.5
Staves         | 1 2 3 4 |  4.5
Slings         | 1 2 3 4 |  4.5
Bows           | 1 2 3 4 |  4.5
Crossbows      | 1 2 3 4 |  4.5
Throwing       | 1 2 3 4 |  4.5
Dodging        | 1 2 3 4 |  4.5
Stealth        | 1 2 3 4 |  4.5
Unarmed Combat | 1 2 3 4 |  4.5
Spellcasting   | 1 2 3 4 |  4.5
Invocations    | 1 2 3 4 5 |  5.0
Evocations     | 1 2 3 4 |  4.5
Conjurations   | 1 2 3 |  3.7
Hexes          | 1 2 3 |  3.7
Summonings     | 1 2 3 |  3.7
Necromancy     | 1 2 3 |  3.7
Translocations | 1 2 3 |  3.7
Transmutations | 1 2 3 |  3.7
Fire Magic     | 1 2 3 |  3.7
Ice Magic      | 1 2 3 |  3.7
Air Magic      | 1 2 3 |  3.7
Earth Magic    | 1 2 3 |  3.7
Poison Magic   | 1 2 3 |  3.7
Axes           | 5 6 |  6.5
Fighting       | 7 8 |  8.1
Armour         | 7 8 |  8.1
Shields        | 7 8 |  8.1

Action                   |  1- 3 |  4- 6 |  7- 9 || total
-------------------------+-------+-------+-------++-------
Melee: War axe           |    69 |    85 |    29 ||   183
       Bite              |     7 |     5 |    57 ||    69
       Flail             |       |       |   475 ||   475
  Use: Potion            |       |     1 |     8 ||     9
       Scroll            |       |       |    14 ||    14
 Stab: Sleeping          |       |       |     2 ||     2
Armor: Scale mail        |    33 |    30 |   243 ||   306
       Ring mail         |       |       |   178 ||   178
Dodge: Dodged            |    19 |    24 |   268 ||   311
Block: Kite shield       |    46 |    45 |   386 ||   477

Table legend: (Time is in decaauts)
 A = Elapsed time spent in this place.
 B = Non-inter-level travel time spent in this place.
 C = Inter-level travel time spent in this place.
 D = Time resting spent in this place.
 E = Time spent auto-exploring this place.
 F = Levels seen in this place.
 G = Mean time per level.
                   A        B        C        D        E       F      G
               +--------+--------+--------+--------+--------+-----+--------+
         Total |   9449 |   9186 |    263 |   1863 |   5824 |   9 | 1049.9 |
       Dungeon |   8803 |   8564 |    239 |   1645 |   5516 |   7 | 1257.6 |
        Temple |    316 |    292 |     24 |     26 |    264 |   1 |  316.0 |
       Ossuary |    329 |    329 |      0 |    192 |     44 |   1 |  329.0 |
               +--------+--------+--------+--------+--------+-----+--------+

Top non-repeatable levels by time:
     D:6: 1957 daAuts
     D:4: 1907 daAuts
     D:5: 1577 daAuts
     D:3: 1068 daAuts
     D:2: 1004 daAuts
     D:1: 838 daAuts
     D:7: 449 daAuts
 Ossuary: 329 daAuts
  Temple: 316 daAuts
